 Dungeon Crawl Stone Soup version 0.29.1-15-g9cfb28693d (webtiles) character file.

Game seed: 11228589394413143330

28 zeram the Caller (level 3, 0/25 HPs)
             Began as a Gnoll Summoner on Mar 1, 2023.
             Slain by a gnoll
             ... wielding a +0 flail
              (8 damage)
             ... on level 2 of the Dungeon.
             The game lasted 00:02:45 (2020 turns).

zeram the Caller (Gnoll Summoner)                   Turns: 2020, Time: 00:02:46

Health: 0/25       AC:  3    Str:  7    XL:     3   Next: 12%
Magic:  9/9        EV: 13    Int: 22    God:
Gold:   90         SH:  0    Dex: 12    Spells: 9/12 levels left

rFire   . . .      SeeInvis .   e - +0 whip
rCold   . . .      Faith    .   (no shield)
rNeg    . . .      Spirit   .   a - +1 robe
rPois   .          Reflect  .   (no helmet)
rElec   .          Harm     .   (no cloak)
rCorr   .          Rampage  .   (no gloves)
Will    .....                   (no boots)
Stlth   ++........              (no amulet)
HPRegen 0.08/turn               d - +6 ring of intelligence
MPRegen 0.11/turn               (no ring)

@: no status effects
A: fangs 1, strong nose, distributed training
a: no special abilities


You were on level 2 of the Dungeon.
You visited 1 branch of the dungeon, and saw 2 of its levels.

You collected 90 gold pieces.

Inventory:

Hand Weapons
 e - a +0 whip (weapon)
Armour
 a - a +1 robe (worn)
Jewellery
 d - a +6 ring of intelligence (left hand)
 m - an amulet of reflection
Scrolls
 f - a scroll of enchant armour
 g - 2 scrolls of identify {unknown}
 j - a scroll of fear {unknown}
 k - a scroll of blinking {unknown}
Potions
 b - a potion of magic
 c - a potion of berserk rage {unknown}
 h - a potion of haste {unknown}
 i - a potion of degeneration {unknown}
 l - 2 potions of curing {unknown}


   Skills:
 + Level 0.7 Fighting
 + Level 0.7 Short Blades
 + Level 0.7 Long Blades
 + Level 0.7 Axes
 + Level 0.7 Maces & Flails
 + Level 0.7 Polearms
 + Level 0.7 Staves
 + Level 0.7 Ranged Weapons
 + Level 0.7 Throwing
 + Level 0.7 Armour
 + Level 4.5 Dodging
 + Level 4.1 Stealth
 + Level 0.7 Shields
 + Level 0.7 Unarmed Combat
 + Level 5.0 Spellcasting
 + Level 0.5 Conjurations
 + Level 0.5 Hexes
 + Level 7.1 Summonings
 + Level 0.5 Necromancy
 + Level 0.5 Translocations
 + Level 0.5 Transmutations
 + Level 0.5 Fire Magic
 + Level 0.5 Ice Magic
 + Level 0.5 Air Magic
 + Level 0.5 Earth Magic
 + Level 0.5 Poison Magic
 + Level 0.9 Invocations
 + Level 0.7 Evocations


You had 9 spell levels left.
You knew the following spells:

 Your Spells              Type           Power      Damage    Failure   Level
a - Summon Small Mammal   Summ           100%       N/A       1%          1
b - Call Imp              Summ           36%        N/A       1%          2

Your spell library contained the following spells:

 Spells                   Type           Power      Damage    Failure   Level
 Call Canine Familiar     Summ           36%        N/A       1%          3
 Summon Guardian Golem    Hex/Summ       22%        N/A       6%          3
 Summon Lightning Spire   Summ/Air       22%        N/A       22%         4


Dungeon Overview and Level Annotations

Branches:
Dungeon (2/15)

Altars:


Innate Abilities, Weirdness & Mutations

You have very sharp teeth.
Your uncanny sense of smell can sniff out nearby items.
Your experience applies equally to all skills.


Message History

No target in view!
No target in view!
No target in view!
No target in view!
No target in view!
No target in view!
No target in view!
No target in view!
No target in view!
You see here a rat corpse.
Found a spear.
You see here a +0 spear.
A gnoll comes into view. It is wielding a +0 flail.
A gnoll is nearby!
A gnoll is nearby!
A gnoll is nearby!
A gnoll is nearby!
A gnoll is nearby!
A gnoll comes into view. It is wielding a +0 spear.
The helpless gnoll fails to defend itself.
You hit the gnoll but do no damage. The gnoll closely misses you.
You closely miss the gnoll.
The gnoll shouts!
The gnoll hits you with a +0 flail!
You hit the gnoll.
The gnoll is moderately wounded.
The gnoll closely misses you.
A gnoll comes into view. It is wielding a +0 whip.
The gnoll hits you from afar with a +0 spear.
You are too injured to fight recklessly!
You are too injured to fight recklessly!
You are too injured to fight recklessly!
As you read the scroll labelled DYUROF CIECACH, it crumbles to dust.
It is a scroll of enchant armour.
Your +0 robe glows green for a moment.
The gnoll shouts!
The gnoll barely misses you.
The gnoll hits you from afar with a +0 spear.
The gnoll attacks as you move away! The gnoll hits you with a +0 flail!
You die...

#...)............
###.###.##.....<#
#.# #.###...#.#
###.# #.###..##.#
#...# #.........#
#...# #####..####
#...# #..####
####..#######......
#g@..............##
#.#..######.......#
#g....# #.........
.g...... +.........
###....####.........
#$#.## ##.......#
#.### ##...†.## #.
#####...###
#.........#


You could see 3 gnolls.

Vanquished Creatures
  A dart slug (D:1)
  6 ball pythons
  2 bats (D:1)
  An endoplasm (D:1)
  2 goblins (D:1)
  A hobgoblin (D:1)
  A kobold (D:1)
  A rat (D:2)
15 creatures vanquished.

Vanquished Creatures (collateral kills)
  2 ball pythons (D:1)
  An endoplasm (D:1)
  2 goblins (D:1)
  A hobgoblin (D:1)
  A bat (D:1)
  A kobold (D:1)
8 creatures vanquished.

Grand Total: 23 creatures vanquished

Notes
Turn   | Place    | Note
-------+----------+-------------------------------------------
     0 | D:1      | zeram the Gnoll Summoner began the quest for the Orb.
     0 | D:1      | Reached XP level 1. HP: 13/13 MP: 6/6
   378 | D:1      | Reached XP level 2. HP: 1/19 MP: 7/7
  1274 | D:1      | Reached skill level 5 in Spellcasting
  1274 | D:1      | Reached XP level 3. HP: 6/25 MP: 6/9
  1279 | D:1      | Learned a level 2 spell: Call Imp
  2020 | D:2      | Slain by a gnoll

Illustrated notes

Levels and vault maps discovered:
D:1:      evilmike_arrival_crescent, layout_rooms, chequers_arboretum
D:2:      layout_loops_corners, minmay_three_crescents

Skill      XL: |  1  2 |
---------------+-------+-----
Spellcasting   | 5 |  5.0
Fighting       | |  0.7
Short Blades   | |  0.7
Long Blades    | |  0.7
Axes           | |  0.7
Maces & Flails | |  0.7
Polearms       | |  0.7
Staves         | |  0.7
Ranged Weapons | |  0.7
Throwing       | |  0.7
Armour         | |  0.7
Dodging        | |  4.5
Stealth        | |  4.1
Shields        | |  0.7
Unarmed Combat | |  0.7
Conjurations   | |  0.5
Hexes          | |  0.5
Summonings     | |  7.1
Necromancy     | |  0.5
Translocations | |  0.5
Transmutations | |  0.5
Fire Magic     | |  0.5
Ice Magic      | |  0.5
Air Magic      | |  0.5
Earth Magic    | |  0.5
Poison Magic   | |  0.5
Invocations    | |  0.9
Evocations     | |  0.7

Action                   || total
-------------------------++-------
Melee: Whip              ||    57
       Unarmed           ||     9
       Bite              ||     6
 Cast: Summon Small Mamm ||     8
       Call Imp          ||     1
  Use: Scroll            ||     1
 Stab: Sleeping          ||     3
Armor: Robe              ||    20
Dodge: Dodged            ||    61
